| TOP OF THE 1ST |
|
Northwest Arkansas Naturals batting - Pitching for Midland RockHounds : LHP Kevin Barteaux
|
|
Pitching: LHP Kevin Barteaux
|
|
|
Batting: SHB Ryoji Hiraoka
|
0-0: Ball 1-0: Fly out, F7 (Flyball, 7S, EV 90.6 MPH)
|
|
Batting: RHB Kazuki Arai
|
0-0: Ball 1-0: Ball 2-0: SINGLE (Groundball, 56D, EV 105.6 MPH)
|
|
Batting: RHB Kevin Wimberly
|
0-0: Called Strike 0-1: Ball 1-1: Foul Ball, location: 2F 1-2: Foul Ball, location: 2F 1-2: Foul Ball, location: 2F 1-2: Ball 2-2: Strikes out looking
|
|
Batting: RHB Alex Cid
|
0-0: Fielders Choice at 2nd, 6-4 (Groundball, 6, EV 105.0 MPH)
|
| Top of the 1st over - 0 runs, 1 hit, 0 errors, 1 left on base; Northwest Arkansas 0 - Midland 0 |
| BOTTOM OF THE 1ST |
|
Midland RockHounds batting - Pitching for Northwest Arkansas Naturals : LHP Walter Whiteman
|
|
Pitching: LHP Walter Whiteman
|
|
|
Batting: RHB Jonathan Ellis
|
0-0: Ball 1-0: Fly out, F9 (Flyball, 89M, EV 86.2 MPH)
|
|
Batting: RHB Matt Sherard
|
0-0: Called Strike 0-1: Swinging Strike 0-2: Ground out 5-3 (Groundball, 56S, EV 85.0 MPH)
|
|
Batting: RHB Sean Gould
|
0-0: Ball 1-0: Ball 2-0: SINGLE (Line Drive, 34D, EV 98.1 MPH)
|
|
Batting: RHB Jonathan Gallup
|
0-0: Called Strike 0-1: Called Strike 0-2: Foul Ball, location: 2F 0-2: Ball Sean Gould is caught stealing 2nd base 2-4
|
| Bottom of the 1st over - 0 runs, 1 hit, 0 errors, 0 left on base; Northwest Arkansas 0 - Midland 0 |
| TOP OF THE 2ND |
|
Northwest Arkansas Naturals batting - Pitching for Midland RockHounds : LHP Kevin Barteaux
|
|
Batting: RHB Edwin Ramos
|
0-0: Foul Ball, location: 2F 0-1: Ball 1-1: Foul Ball, location: 2F 1-2: Strikes out swinging
|
|
Batting: RHB Andy Urquhart
|
0-0: Ball 1-0: Fly out, F3 (Popup, 3SF, EV 68.8 MPH)
|
|
Batting: RHB Chad Sullivan
|
0-0: Ball 1-0: Ball 2-0: Ball 3-0: Called Strike 3-1: Called Strike 3-2: Ground out 5-3 (Groundball, 56, EV 101.2 MPH)
|
| Top of the 2nd over - 0 runs, 0 hits, 0 errors, 0 left on base; Northwest Arkansas 0 - Midland 0 |
| BOTTOM OF THE 2ND |
|
Midland RockHounds batting - Pitching for Northwest Arkansas Naturals : LHP Walter Whiteman
|
|
Batting: RHB Jonathan Gallup
|
0-0: Ball 1-0: Called Strike 1-1: Fly out, F7 (Flyball, 7, EV 85.6 MPH)
|
|
Batting: RHB Micah Roth
|
0-0: Ball 1-0: Ball 2-0: Ball 3-0: Called Strike 3-1: Swinging Strike 3-2: SINGLE (Groundball, P, EV 86.2 MPH) (infield hit)
|
|
Batting: RHB David Sharp
|
0-0: Swinging Strike 0-1: Foul Ball, location: 2F 0-2: Foul Ball, location: 2F 0-2: Strikes out swinging
|
|
Batting: RHB Todd Vanasco
|
0-0: Called Strike 0-1: Ball 1-1: Foul Ball, location: 2F 1-2: Strikes out swinging
|
| Bottom of the 2nd over - 0 runs, 1 hit, 0 errors, 1 left on base; Northwest Arkansas 0 - Midland 0 |
| TOP OF THE 3RD |
|
Northwest Arkansas Naturals batting - Pitching for Midland RockHounds : LHP Kevin Barteaux
|
|
Batting: RHB Eric Erickson
|
0-0: Foul Ball, location: 2F 0-1: Ball 1-1: Called Strike 1-2: Strikes out swinging
|
|
Batting: SHB Danny Ballenger
|
0-0: Called Strike 0-1: Foul Ball, location: 3F, Error on foul ball, E3 0-2: Ball 1-2: Foul Ball, location: 2F 1-2: Ball 2-2: Ball 3-2: Strikes out swinging
|
|
Batting: SHB Ryoji Hiraoka
|
0-0: Called Strike 0-1: Foul Ball, location: 2F 0-2: Foul Ball, location: 2F 0-2: Foul Ball, location: 2F 0-2: Ball 1-2: Strikes out swinging
|
| Top of the 3rd over - 0 runs, 0 hits, 1 error, 0 left on base; Northwest Arkansas 0 - Midland 0 |
| BOTTOM OF THE 3RD |
|
Midland RockHounds batting - Pitching for Northwest Arkansas Naturals : LHP Walter Whiteman
|
|
Batting: RHB Manny Moron
|
0-0: Called Strike 0-1: Foul Ball, location: 2F 0-2: Foul Ball, location: 2F 0-2: Ball 1-2: SINGLE (Groundball, 34D, EV 94.4 MPH)
|
|
Batting: RHB Moses Brokken
|
0-0: Fly out, F7 (Flyball, 78M, EV 85.0 MPH)
|
|
Batting: RHB Jonathan Ellis
|
0-0: Foul Ball, location: 2F 0-1: Foul Ball, location: 2F 0-2: Ball 1-2: Strikes out swinging
|
|
Batting: RHB Matt Sherard
|
0-0: Fielders Choice at 2nd, 6-4 (Groundball, 6, EV 76.2 MPH)
|
| Bottom of the 3rd over - 0 runs, 1 hit, 0 errors, 1 left on base; Northwest Arkansas 0 - Midland 0 |
| TOP OF THE 4TH |
|
Northwest Arkansas Naturals batting - Pitching for Midland RockHounds : LHP Kevin Barteaux
|
|
Batting: RHB Kazuki Arai
|
0-0: Fly out, F7 (Flyball, 78D, EV 110.0 MPH)
|
|
Batting: RHB Kevin Wimberly
|
0-0: Ball 1-0: Foul Ball, location: 2F 1-1: SINGLE (Line Drive, 8LS, EV 108.8 MPH)
|
|
Batting: RHB Alex Cid
|
0-0: Called Strike 0-1: Foul Ball, location: 2F 0-2: Strikes out looking
|
|
Batting: RHB Edwin Ramos
|
0-0: Foul Ball, location: 2F 0-1: Ball 1-1: Swinging Strike 1-2: Ball 2-2: Strikes out swinging
|
| Top of the 4th over - 0 runs, 1 hit, 0 errors, 1 left on base; Northwest Arkansas 0 - Midland 0 |
| BOTTOM OF THE 4TH |
|
Midland RockHounds batting - Pitching for Northwest Arkansas Naturals : LHP Walter Whiteman
|
|
Batting: RHB Sean Gould
|
0-0: Ball 1-0: Ball 2-0: Ball 3-0: Called Strike 3-1: SINGLE (Line Drive, 8LS, EV 101.9 MPH)
|
|
Batting: RHB Jonathan Gallup
|
0-0: Called Strike 0-1: Ball 1-1: Called Strike 1-2: Strikes out swinging
|
|
Batting: RHB Micah Roth
|
0-0: Ball 1-0: Called Strike 1-1: Ball 2-1: Ball 3-1: Foul Ball, location: 2F 3-2: 2-RUN HOME RUN (Flyball, 89XD, EV 105.6 MPH), Distance : 399 ft
|
|
Batting: RHB David Sharp
|
0-0: Ball 1-0: Ball 2-0: SINGLE (Line Drive, 78M, EV 94.4 MPH)
|
|
Batting: RHB Todd Vanasco
|
0-0: Ball 1-0: Ground out 5-3 (Groundball, 56S, EV 69.4 MPH) David Sharp to second
|
|
Batting: RHB Manny Moron
|
0-0: Called Strike 0-1: Ball 1-1: Ball Wild Pitch! David Sharp to third 2-1: Ball 3-1: Swinging Strike 3-2: Strikes out looking
|
| Bottom of the 4th over - 2 runs, 3 hits, 0 errors, 1 left on base; Northwest Arkansas 0 - Midland 2 |
| TOP OF THE 5TH |
|
Northwest Arkansas Naturals batting - Pitching for Midland RockHounds : LHP Kevin Barteaux
|
|
Batting: RHB Andy Urquhart
|
0-0: Ground out 6-3 (Groundball, 6M, EV 106.9 MPH)
|
|
Batting: RHB Chad Sullivan
|
0-0: Called Strike 0-1: Called Strike 0-2: Ball 1-2: Ball 2-2: Foul Ball, location: 2F 2-2: Ball 3-2: SOLO HOME RUN (Flyball, 7LD, EV 94.4 MPH), Distance : 336 ft
|
|
Batting: RHB Eric Erickson
|
0-0: Called Strike 0-1: Foul Ball, location: 2F 0-2: Strikes out swinging
|
|
Batting: SHB Danny Ballenger
|
0-0: Called Strike 0-1: Called Strike 0-2: Strikes out swinging
|
| Top of the 5th over - 1 run, 1 hit, 0 errors, 0 left on base; Northwest Arkansas 1 - Midland 2 |
| BOTTOM OF THE 5TH |
|
Midland RockHounds batting - Pitching for Northwest Arkansas Naturals : LHP Walter Whiteman
|
|
Batting: RHB Moses Brokken
|
0-0: Ball 1-0: Ball 2-0: Ground out 1-3 (Groundball, 15S, EV 63.8 MPH)
|
|
Batting: RHB Jonathan Ellis
|
0-0: Ball 1-0: Ball 2-0: Ball 3-0: Base on Balls
|
|
Batting: RHB Matt Sherard
|
0-0: Called Strike Jonathan Ellis steals 2nd base 0-1: Swinging Strike 0-2: Reached on error, E5 (Groundball, 56, EV 108.1 MPH) Jonathan Ellis scores
|
|
Batting: RHB Sean Gould
|
0-0: Ball 1-0: Called Strike 1-1: Swinging Strike 1-2: DOUBLE (Groundball, 5L, EV 94.4 MPH) Matt Sherard scores
|
|
Pitching: RHP Philip Terrell
|
|
|
Batting: RHB Jonathan Gallup
|
0-0: Called Strike 0-1: Ball 1-1: Ball 2-1: Swinging Strike 2-2: Ball 3-2: Foul Ball, location: 2F 3-2: Base on Balls
|
|
Batting: RHB Micah Roth
|
0-0: Foul Ball, location: 2F 0-1: Called Strike 0-2: Strikes out swinging
|
|
Batting: RHB David Sharp
|
0-0: Called Strike 0-1: Ball 1-1: Ball 2-1: Ball 3-1: Base on Balls Sean Gould to third Jonathan Gallup to second
|
|
Batting: RHB Todd Vanasco
|
0-0: Called Strike 0-1: Swinging Strike 0-2: Ball 1-2: Ball 2-2: Foul Ball, location: 2F 2-2: Ground out U3 (Groundball, 3L, EV 78.8 MPH)
|
| Bottom of the 5th over - 2 runs, 1 hit, 1 error, 3 left on base; Northwest Arkansas 1 - Midland 4 |
| TOP OF THE 6TH |
|
Northwest Arkansas Naturals batting - Pitching for Midland RockHounds : LHP Kevin Barteaux
|
|
Batting: SHB Ryoji Hiraoka
|
0-0: Fly out, F7 (Line Drive, 7LM, EV 106.9 MPH)
|
|
Batting: RHB Kazuki Arai
|
0-0: DOUBLE (Flyball, 8RXD, EV 103.1 MPH)
|
|
Batting: RHB Kevin Wimberly
|
0-0: Ball 1-0: Called Strike 1-1: Foul Ball, location: 2F 1-2: Ground out 4-3 (Groundball, 4, EV 102.5 MPH) Kazuki Arai to third
|
|
Pitching: RHP Alfonso Alvarado
|
|
|
Batting: RHB Alex Cid
|
0-0: Ball 1-0: Swinging Strike 1-1: Ground out U3 (Groundball, 3, EV 86.2 MPH)
|
| Top of the 6th over - 0 runs, 1 hit, 0 errors, 1 left on base; Northwest Arkansas 1 - Midland 4 |
| BOTTOM OF THE 6TH |
|
Midland RockHounds batting - Pitching for Northwest Arkansas Naturals : RHP Philip Terrell
|
|
Batting: RHB Manny Moron
|
0-0: Fly out, F7 (Flyball, 7D, EV 108.8 MPH)
|
|
Batting: RHB Moses Brokken
|
0-0: Ball 1-0: Ball 2-0: Ball 3-0: Called Strike 3-1: Swinging Strike 3-2: Ground out 5-3 (Groundball, 5L, EV 88.8 MPH)
|
|
Batting: RHB Jonathan Ellis
|
0-0: Foul Ball, location: 2F 0-1: Swinging Strike 0-2: Foul Ball, location: 2F 0-2: Strikes out swinging
|
| Bottom of the 6th over - 0 runs, 0 hits, 0 errors, 0 left on base; Northwest Arkansas 1 - Midland 4 |
| TOP OF THE 7TH |
|
Northwest Arkansas Naturals batting - Pitching for Midland RockHounds : RHP Alfonso Alvarado
|
|
Batting: RHB Edwin Ramos
|
0-0: Ball 1-0: Called Strike 1-1: SINGLE (Groundball, 6S, EV 66.9 MPH) (infield hit)
|
|
Batting: RHB Andy Urquhart
|
0-0: Swinging Strike 0-1: Foul Ball, location: 2F 0-2: Fly out, F8 (Flyball, 8LM, EV 93.1 MPH)
|
|
Batting: RHB Chad Sullivan
|
0-0: Ball 1-0: Fielders Choice at 2nd, 5-4 (Groundball, 56, EV 97.5 MPH)
|
|
Batting: RHB Eric Erickson
|
0-0: Ball 1-0: Ball 2-0: Ball 3-0: Called Strike 3-1: Base on Balls Chad Sullivan to second
|
|
Batting: SHB Danny Ballenger
|
0-0: Ball 1-0: Foul Ball, location: 2F 1-1: Foul Ball, location: 2F 1-2: Ball 2-2: Strikes out swinging
|
| Top of the 7th over - 0 runs, 1 hit, 0 errors, 2 left on base; Northwest Arkansas 1 - Midland 4 |
| BOTTOM OF THE 7TH |
|
Midland RockHounds batting - Pitching for Northwest Arkansas Naturals : RHP Philip Terrell
|
|
Pitching: RHP John Barnett
|
|
|
Batting: RHB Matt Sherard
|
0-0: Called Strike 0-1: Foul Ball, location: 2F 0-2: Ball 1-2: Foul Ball, location: 2F 1-2: Strikes out swinging
|
|
Batting: RHB Sean Gould
|
0-0: Called Strike 0-1: Ground out 6-3 (Groundball, 6, EV 81.2 MPH)
|
|
Batting: RHB Jonathan Gallup
|
0-0: Ball 1-0: Foul Ball, location: 2F 1-1: Called Strike 1-2: Ball 2-2: SINGLE (Flyball, 34D, EV 81.2 MPH)
|
|
Batting: RHB Micah Roth
|
0-0: Ball 1-0: Called Strike 1-1: Ball 2-1: Called Strike 2-2: Strikes out looking
|
| Bottom of the 7th over - 0 runs, 1 hit, 0 errors, 1 left on base; Northwest Arkansas 1 - Midland 4 |
| TOP OF THE 8TH |
|
Northwest Arkansas Naturals batting - Pitching for Midland RockHounds : RHP Alfonso Alvarado
|
|
Batting: SHB Ryoji Hiraoka
|
0-0: Called Strike 0-1: Ball 1-1: Swinging Strike 1-2: Strikes out looking
|
|
Batting: RHB Kazuki Arai
|
0-0: Ball 1-0: Foul Ball, location: 2F 1-1: Foul Ball, location: 2F 1-2: Ball 2-2: Foul Ball, location: 2F 2-2: Ball 3-2: DOUBLE (Line Drive, 89D, EV 104.4 MPH)
|
|
Batting: RHB Kevin Wimberly
|
0-0: Ball 1-0: Ball 2-0: Swinging Strike 2-1: Ball 3-1: Reached on error, E6 (Groundball, 56, EV 82.5 MPH) Kazuki Arai scores
|
|
Batting: RHB Alex Cid
|
0-0: Ball 1-0: Called Strike 1-1: Ball 2-1: Foul Ball, location: 2F 2-2: Strikes out swinging
|
|
Batting: RHB Edwin Ramos
|
0-0: Fly out, F9 (Flyball, 9LM, EV 86.2 MPH)
|
| Top of the 8th over - 1 run, 1 hit, 1 error, 1 left on base; Northwest Arkansas 2 - Midland 4 |
| BOTTOM OF THE 8TH |
|
Midland RockHounds batting - Pitching for Northwest Arkansas Naturals : RHP John Barnett
|
|
Pitching: RHP Brian Straub
|
|
|
Batting: RHB David Sharp
|
0-0: Called Strike 0-1: Ball 1-1: Ball 2-1: Ball 3-1: Base on Balls
|
|
Batting: RHB Todd Vanasco
|
0-0: Swinging Strike 0-1: Foul Ball, location: 2F 0-2: Fielders Choice at 2nd, 5-4 (Groundball, 56, EV 80.0 MPH)
|
|
Batting: RHB Manny Moron
|
0-0: Swinging Strike 0-1: Ball Todd Vanasco steals 2nd base 1-1: Fly out, F8 (Line Drive, 8LM, EV 95.6 MPH)
|
|
Batting: RHB Moses Brokken
|
0-0: Ball 1-0: Ball 2-0: Fly out, F8 (Flyball, 8RM, EV 83.8 MPH)
|
| Bottom of the 8th over - 0 runs, 0 hits, 0 errors, 1 left on base; Northwest Arkansas 2 - Midland 4 |
| TOP OF THE 9TH |
|
Northwest Arkansas Naturals batting - Pitching for Midland RockHounds : RHP Alfonso Alvarado
|
|
Pitching: RHP John Shutt
|
|
|
Batting: RHB Andy Urquhart
|
0-0: Ball 1-0: Fly out, F8 (Flyball, 8LD, EV 78.8 MPH)
|
|
Batting: RHB Chad Sullivan
|
0-0: Foul Ball, location: 2F 0-1: Ball 1-1: Ball 2-1: Ground out 5-3 (Groundball, 56S, EV 75.0 MPH)
|
|
Pinch Hitting: LHB Bobby Gonzalez
|
0-0: Ball 1-0: Ground out 4-3 (Groundball, 34, EV 101.9 MPH)
|
| Top of the 9th over - 0 runs, 0 hits, 0 errors, 0 left on base; Northwest Arkansas 2 - Midland 4 |
|